 Dungeon Crawl Stone Soup version 0.18-a0-1060-g4fac74f (webtiles) character file.

53 Duffy the Cudgeler (level 3, 0/23 HPs)
             Began as a Gargoyle Fighter on Jan 12, 2016.
             Slain by chonchonts's ghost (14 damage)
             ... on level 4 of the Dungeon.
             The game lasted 00:00:52 (733 turns).

Duffy the Cudgeler (Gargoyle Fighter)                Turns: 733, Time: 00:00:52

Health: 0/23       AC: 12    Str: 19    XL:     3   Next: 87%
Magic:  3/3        EV:  5    Int:  8    God:
Gold:   55         SH:  9    Dex: 10    Spells: 0 memorised, 2 levels left

rFire  . . .     SeeInvis .     a - +0 flail
rCold  . . .     Gourm    .     g - +0 chain mail
rNeg   + . .     Faith    .     c - +0 shield
rPois  ∞         Spirit   .     (no helmet)
rElec  +         Dismiss  .     (no cloak)
rCorr  .         Reflect  .     (no gloves)
SustAt .         Harm     .     (no boots)
MR     .....                    (no amulet)
Stlth  ..........               (no ring)
                                (no ring)

@: not resistant to hostile enchantments, extremely unstealthy
A: negative energy resistance 1, electricity resistance, unbreathing,
petrification resistance, rot immunity, AC +3
a: no special abilities


You were on level 4 of the Dungeon.
You were not hungry.

You visited 1 branch of the dungeon, and saw 4 of its levels.

You collected 55 gold pieces.


Innate Abilities, Weirdness & Mutations

You are resistant to torment.
Your stone body is resilient (AC +3).
You are immune to poison.
You resist negative energy.
You are resistant to electric shocks.
You can survive without breathing.
You are immune to petrification.
You are immune to rotting.


   Skills:
 - Level 3.2 Fighting
 + Level 4.0 Maces & Flails
 - Level 3.2 Armour
 - Level 3.2 Shields


You had 2 spell levels left.
You didn't know any spells.

Inventory:

Hand Weapons
 a - a +0 flail (weapon)
Armour
 b - a +0 scale mail
 c - a +0 shield (worn)
 g - a +0 chain mail (worn)
Scrolls
 e - a scroll of fear {unknown}
 i - a scroll of recharging {unknown}
Potions
 d - a potion of might
Comestibles
 f - 2 bread rations
 h - 2 fruits

Dungeon Overview and Level Annotations

Branches:
Dungeon (4/15)
 Temple: D:4-7

Altars:

Annotations:
D:4 Eustachio; chonchonts's ghost, amateur MiFi


Message History

Wear which item? (? for menu, Esc to quit)
You start removing your armour.
You continue taking off your +0 scale mail. x4
You finish taking off your +0 scale mail.
You start putting on your armour.
You continue putting on your chain mail. x5
You finish putting on your +0 chain mail.
Drop what? 8/52 slots (_ for help) (? for menu, Esc to quit)
You drop a club.
(D) Dungeon
Where to? (* - list waypoints, Enter - D:3, ? - help)
Found a stone staircase leading up.
There is a stone staircase leading down here.
You climb downwards.
Found a quarterstaff.
There is a stone staircase leading up here.
HP restored.
Found 11 stones.
h - 2 fruits
Found 11 stones.
i - a scroll labeled VYEDEO NIEF
Found a helmet.
Chonchonts's ghost (amateur Minotaur Fighter) comes into view.
Chonchonts's ghost says, "You will join me soon!"
Found a fuming emerald potion.
Eustachio the Magnificent comes into view.
He is wielding a rapier.
Eustachio shouts!
Chonchonts's ghost hits you!
Eustachio mumbles some strange words.
You see here 11 gold pieces.
You sock chonchonts's ghost!
Chonchonts's ghost is moderately damaged.
Chonchonts's ghost hits you!
Ouch! That really hurt!
You die...

....@ #...#
#...## ...!.
#b..#
..#####...#####
#......W.......
#@..# #...#
#...#
#####...#####
..#...........#
.[.............
.##...........#
#####...#####
####...#


You could see Eustachio, chonchonts's ghost and a bat.

Action                   || total
-------------------------++-------
Melee: Flail             ||   127

Notes
Turn   | Place    | Note
--------------------------------------------------------------
     0 | D:1      | Duffy the Gargoyle Fighter began the quest for the Orb.
     0 | D:1      | Reached XP level 1. HP: 14/14 MP: 1/1
   101 | D:1      | Reached XP level 2. HP: 19/19 MP: 2/2
   163 | D:1      | Reached skill level 3 in Maces & Flails
   276 | D:1      | Reached XP level 3. HP: 18/23 MP: 3/3
   624 | D:3      | Reached skill level 4 in Maces & Flails
   729 | D:4      | Noticed chonchonts's ghost (amateur MiFi)
   732 | D:4      | Noticed Eustachio
   733 | D:4      | Slain by chonchonts's ghost

Vault maps used:
D:1:      erik_arrival_gehennom, hex_tiny
D:2:      first_bread
D:3:      item_on_display_a
D:4:      serial_shops, shop, minmay_ogre_servants, uniq_eustachio,
          uniq_menkaure

Vanquished Creatures
  An adder
  3 oozes
  2 giant geckos
  2 orcs
  3 giant cockroaches
  4 goblins
  3 hobgoblins
  2 giant newts
  4 kobolds
  2 rats
26 creatures vanquished.
